[ AOE2 MATCH · #505015500 ]
UnrankedVikings vs Tatars
Player's team · WIN
Rival team · LOSS
[ REPLAY ANALYSIS · EXTRACTED FROM THE RECORDED GAME ]
Feudal
10:55
Castle
23:03
Imperial
37:56
| APM avg | 42.6 |
| APM peak | 74 |
| eAPM avg | 22.1 |
| Villagers / military | 123 / 107 |
Focus
⚔️ 32.8% · 🌾 67.2%
Archer ×55 · Militia ×37 · Mangonel ×8 · Monk ×3 · Trebuchet (Packed) ×2 · Scorpion ×1
Feudal
11:11
Castle
25:02
Imperial
—
| APM avg | 49.4 |
| APM peak | 103 |
| eAPM avg | 16.0 |
| Villagers / military | 102 / 73 |
Focus
⚔️ 35.0% · 🌾 65.0%
Skirmisher ×35 · Archer ×19 · Knight ×10 · Mangonel ×5 · Militia ×3 · Spearman ×1
Match map
Initial resources + every placement click. Lines = walls · curves = elevation contours. ◆ gold · ⬟ stone · ● berries · ✦ relic · ◌ wall gap
Your base· ✓ Closed at 23:03 · 48t walls · no gate
3000elo player's base· Open — opponent sealed themselves in
Smoothed initial terrain · ◌ = detected wall gap · hover for details
Inputs per minute
— TheMangledBadger - - 3000elo player
Build order — TheMangledBadger
First 150 of 403 actions detected
| 0:00 | Queue | Villager (Male) |
| 0:01 | Queue | Villager (Male) |
| 0:02 | Build | House |
| 0:03 | Build | House |
| 0:13 | Queue | Villager (Male) |
| 0:13 | Queue | Villager (Male) |
| 1:24 | Queue | Villager (Male) |
| 1:25 | Queue | Villager (Male) |
| 1:55 | Build | Lumber Camp |
| 2:03 | Queue | Villager (Male) |
| 2:03 | Queue | Villager (Male) |
| 2:30 | Queue | Villager (Male) |
| 2:30 | Queue | Villager (Male) |
| 2:55 | Queue | Villager (Male) |
| 2:55 | Queue | Villager (Male) |
| 3:11 | Queue | Villager (Male) |
| 3:35 | Build | House |
| 3:41 | Research | Loom |
| 3:43 | Queue | Villager (Male) |
| 4:05 | Queue | Villager (Male) |
| 4:11 | Queue | Villager (Male) |
| 5:01 | Queue | Villager (Male) |
| 5:01 | Queue | Villager (Male) |
| 5:24 | Queue | Villager (Male) |
| 5:32 | Build | Barracks |
| 5:34 | Build | Palisade Wall |
| 5:50 | Queue | Villager (Male) |
| 6:00 | Queue | Villager (Male) |
| 6:42 | Queue | Villager (Male) |
| 6:46 | Build | House |
| 6:56 | Research | Loom |
| 7:19 | Queue | Villager (Male) |
| 7:27 | Build | Mill |
| 7:30 | Queue | Militia |
| 7:32 | Queue | Militia |
| 7:32 | Queue | Militia |
| 7:43 | Queue | Villager (Male) |
| 7:54 | Build | House |
| 7:55 | Build | Palisade Wall |
| 8:45 | Research | Feudal Age |
| 8:45 | Research | Feudal Age |
| 8:58 | Build | Mining Camp |
| 9:38 | Queue | Villager (Male) |
| 10:22 | Queue | Villager (Male) |
| 10:30 | Queue | Villager (Male) |
| 10:44 | Build | Palisade Wall |
| 10:47 | Build | House |
| 10:55 | Age | Feudal Age |
| 11:06 | Build | Archery Range |
| 11:50 | Queue | Archer |
| 12:08 | Queue | Archer |
| 12:09 | Queue | Villager (Male) |
| 12:15 | Build | House |
| 12:20 | Build | Palisade Wall |
| 12:23 | Build | Palisade Wall |
| 12:26 | Queue | Villager (Male) |
| 12:39 | Build | Lumber Camp |
| 12:40 | Queue | Villager (Male) |
| 12:46 | Queue | Archer |
| 12:56 | Research | Double-Bit Axe |
| 13:15 | Queue | Villager (Male) |
| 13:21 | Queue | Archer |
| 13:30 | Build | House |
| 13:31 | Build | House |
| 13:35 | Build | Palisade Wall |
| 13:37 | Queue | Villager (Male) |
| 13:41 | Queue | Archer |
| 13:43 | Queue | Villager (Male) |
| 13:54 | Build | Farm |
| 13:58 | Queue | Archer |
| 14:18 | Build | Blacksmith |
| 14:41 | Build | Farm |
| 14:45 | Queue | Villager (Male) |
| 14:53 | Queue | Archer |
| 15:02 | Build | House |
| 15:03 | Build | House |
| 15:10 | Queue | Archer |
| 15:16 | Queue | Villager (Male) |
| 15:17 | Queue | Villager (Male) |
| 15:19 | Build | Farm |
| 15:20 | Build | Farm |
| 15:22 | Build | Farm |
| 15:26 | Build | Farm |
| 15:29 | Queue | Archer |
| 15:43 | Build | Farm |
| 15:44 | Queue | Villager (Male) |
| 15:59 | Queue | Villager (Male) |
| 16:07 | Research | Fletching |
| 16:16 | Build | Archery Range |
| 16:20 | Queue | Villager (Male) |
| 16:22 | Build | Farm |
| 16:37 | Build | Farm |
| 16:40 | Build | Farm |
| 16:44 | Queue | Villager (Male) |
| 16:47 | Build | Farm |
| 16:51 | Queue | Archer |
| 17:00 | Queue | Villager (Male) |
| 17:02 | Queue | Villager (Male) |
| 17:10 | Build | Farm |
| 17:12 | Build | Farm |
| 17:17 | Build | Farm |
| 17:29 | Queue | Villager (Male) |
| 17:38 | Build | Palisade Gate |
| 17:43 | Build | Palisade Wall |
| 17:51 | Build | Palisade Wall |
| 17:54 | Build | Palisade Wall |
| 17:58 | Queue | Archer |
| 17:59 | Queue | Villager (Male) |
| 18:03 | Queue | Villager (Male) |
| 18:06 | Build | Farm |
| 18:09 | Build | Farm |
| 18:15 | Queue | Archer |
| 18:22 | Build | Farm |
| 18:24 | Build | Farm |
| 18:32 | Build | Farm |
| 18:35 | Build | Farm |
| 18:39 | Build | House |
| 18:48 | Build | Farm |
| 18:51 | Queue | Archer |
| 19:03 | Research | Padded Archer Armor |
| 19:12 | Build | Farm |
| 19:21 | Queue | Archer |
| 19:22 | Queue | Archer |
| 19:39 | Queue | Archer |
| 19:39 | Queue | Archer |
| 19:51 | Build | House |
| 19:53 | Build | House |
| 19:56 | Build | House |
| 19:58 | Queue | Villager (Male) |
| 19:58 | Queue | Villager (Male) |
| 20:12 | Queue | Villager (Male) |
| 20:12 | Queue | Villager (Male) |
| 20:23 | Research | Castle Age |
| 20:39 | Build | Farm |
| 20:51 | Queue | Archer |
| 20:51 | Queue | Archer |
| 20:54 | Build | Archery Range |
| 21:18 | Queue | Archer |
| 21:19 | Queue | Archer |
| 21:24 | Build | Market |
| 21:24 | Queue | Villager (Male) |
| 21:50 | Queue | Archer |
| 21:50 | Queue | Archer |
| 21:53 | Research | Gold Mining |
| 21:57 | Queue | Archer |
| 22:17 | Queue | Villager (Male) |
| 23:03 | Age | Castle Age |
| 23:07 | Research | Crossbowman (upgrade) |
| 23:08 | Research | Bodkin Arrow |
| 23:12 | Build | University |
Build order — 3000elo player
First 150 of 251 actions detected
| 0:01 | Queue | Villager (Male) |
| 0:01 | Queue | Villager (Male) |
| 0:01 | Queue | Villager (Male) |
| 0:02 | Build | House |
| 0:04 | Build | House |
| 0:07 | Queue | Villager (Male) |
| 0:07 | Queue | Villager (Male) |
| 1:25 | Queue | Villager (Male) |
| 2:00 | Queue | Villager (Male) |
| 2:01 | Queue | Villager (Male) |
| 2:33 | Queue | Villager (Male) |
| 2:39 | Build | Lumber Camp |
| 2:57 | Queue | Villager (Male) |
| 2:58 | Queue | Villager (Male) |
| 3:28 | Build | House |
| 3:33 | Queue | Villager (Male) |
| 3:35 | Queue | Villager (Male) |
| 3:35 | Queue | Villager (Male) |
| 4:36 | Queue | Villager (Male) |
| 4:37 | Queue | Villager (Male) |
| 4:46 | Queue | Villager (Male) |
| 4:46 | Queue | Villager (Male) |
| 5:08 | Queue | Villager (Male) |
| 5:20 | Build | Barracks |
| 5:21 | Queue | Villager (Male) |
| 5:28 | Queue | Villager (Male) |
| 6:01 | Build | House |
| 6:32 | Queue | Militia |
| 6:33 | Queue | Militia |
| 6:33 | Queue | Militia |
| 7:11 | Queue | Villager (Male) |
| 7:20 | Build | Mill |
| 7:34 | Queue | Villager (Male) |
| 7:51 | Build | House |
| 7:54 | Build | Palisade Wall |
| 7:55 | Build | Palisade Wall |
| 8:07 | Queue | Villager (Male) |
| 8:15 | Queue | Villager (Male) |
| 8:47 | Build | Mining Camp |
| 9:01 | Research | Feudal Age |
| 10:30 | Queue | Villager (Male) |
| 10:34 | Build | House |
| 10:44 | Research | Loom |
| 11:11 | Age | Feudal Age |
| 11:16 | Build | Archery Range |
| 11:44 | Queue | Villager (Male) |
| 12:00 | Queue | Villager (Male) |
| 12:14 | Queue | Archer |
| 12:19 | Research | Double-Bit Axe |
| 12:20 | Queue | Villager (Male) |
| 12:39 | Queue | Villager (Male) |
| 12:41 | Queue | Archer |
| 12:42 | Queue | Villager (Male) |
| 12:47 | Build | House |
| 12:48 | Build | Palisade Wall |
| 12:49 | Queue | Villager (Male) |
| 12:54 | Queue | Archer |
| 13:02 | Build | Blacksmith |
| 13:04 | Queue | Villager (Male) |
| 13:15 | Queue | Archer |
| 13:15 | Queue | Villager (Male) |
| 13:26 | Build | Palisade Wall |
| 13:35 | Queue | Villager (Male) |
| 13:38 | Research | Horse Collar |
| 13:46 | Research | Fletching |
| 13:48 | Queue | Archer |
| 13:50 | Queue | Villager (Male) |
| 13:57 | Build | Farm |
| 14:09 | Queue | Spearman |
| 14:19 | Queue | Villager (Male) |
| 14:35 | Build | Archery Range |
| 14:41 | Queue | Villager (Male) |
| 14:45 | Build | Farm |
| 14:45 | Queue | Villager (Male) |
| 14:50 | Build | Palisade Wall |
| 14:58 | Build | Palisade Wall |
| 15:01 | Queue | Villager (Male) |
| 15:13 | Queue | Villager (Male) |
| 15:15 | Queue | Villager (Male) |
| 15:19 | Build | Farm |
| 15:23 | Build | Farm |
| 15:24 | Build | Farm |
| 15:25 | Queue | Villager (Male) |
| 15:27 | Queue | Archer |
| 15:27 | Queue | Archer |
| 15:40 | Queue | Villager (Male) |
| 15:49 | Queue | Archer |
| 15:49 | Queue | Archer |
| 15:49 | Queue | Archer |
| 15:53 | Build | House |
| 15:54 | Build | House |
| 16:16 | Build | Lumber Camp |
| 16:27 | Research | Town Watch |
| 16:39 | Build | House |
| 16:47 | Research | Wheelbarrow |
| 16:56 | Build | Farm |
| 17:02 | Build | Farm |
| 17:06 | Build | Farm |
| 17:08 | Build | Farm |
| 17:17 | Build | House |
| 17:24 | Build | House |
| 17:30 | Queue | Archer ×3 |
| 17:33 | Queue | Villager (Male) |
| 17:44 | Research | Padded Archer Armor |
| 17:45 | Queue | Villager (Male) |
| 17:49 | Build | Farm |
| 17:59 | Build | House |
| 18:00 | Build | House |
| 18:06 | Build | House |
| 18:10 | Build | Farm |
| 18:14 | Queue | Archer |
| 18:15 | Queue | Archer |
| 18:30 | Queue | Villager (Male) |
| 18:40 | Build | House |
| 18:41 | Build | House |
| 18:53 | Build | Farm |
| 18:55 | Queue | Archer ×4 |
| 19:02 | Queue | Villager (Male) |
| 19:06 | Build | Farm |
| 19:17 | Build | House |
| 19:36 | Build | Farm |
| 20:15 | Queue | Skirmisher ×5 |
| 20:29 | Build | Farm |
| 20:29 | Build | Farm |
| 20:32 | Queue | Villager (Male) |
| 20:58 | Build | Lumber Camp |
| 21:31 | Queue | Villager (Male) |
| 21:45 | Queue | Villager (Male) |
| 22:03 | Build | House |
| 22:08 | Build | House |
| 22:10 | Build | Palisade Wall |
| 22:13 | Build | Lumber Camp |
| 22:22 | Research | Castle Age |
| 22:37 | Queue | Skirmisher ×5 |
| 22:51 | Queue | Villager (Male) |
| 23:13 | Queue | Skirmisher ×5 |
| 23:15 | Queue | Villager (Male) |
| 23:33 | Build | Mining Camp |
| 23:40 | Build | Palisade Wall |
| 23:43 | Queue | Villager (Male) |
| 24:11 | Queue | Skirmisher ×5 |
| 24:35 | Build | Market |
| 24:54 | Build | Market |
| 25:02 | Age | Castle Age |
| 25:31 | Queue | Skirmisher ×5 |
| 25:51 | Research | Elite Skirmisher (upgrade) |
| 25:56 | Queue | Villager (Male) |
| 26:04 | Build | Town Center |
| 26:05 | Queue | Villager (Male) |
| 26:17 | Queue | Villager (Male) |
Match timeline
| 5:20 | 3000elo player · first_building Barracks |
| 5:32 | TheMangledBadger · first_building Barracks |
| 5:34 | TheMangledBadger · wall_segment Palisade Wall x3 |
| 7:54 | 3000elo player · wall_segment Palisade Wall x5 |
| 7:55 | TheMangledBadger · wall_segment Palisade Wall x2 |
| 7:55 | 3000elo player · wall_segment Palisade Wall x9 |
| 10:44 | TheMangledBadger · wall_segment Palisade Wall x1 |
| 10:55 | TheMangledBadger · age_up feudal |
| 11:06 | TheMangledBadger · first_building Archery Range |
| 11:11 | 3000elo player · age_up feudal |
| 11:16 | 3000elo player · first_building Archery Range |
| 12:20 | TheMangledBadger · wall_segment Palisade Wall x4 |
| 12:23 | TheMangledBadger · wall_segment Palisade Wall x17 |
| 12:48 | 3000elo player · wall_segment Palisade Wall x7 |
| 13:26 | 3000elo player · wall_segment Palisade Wall x5 |
| 13:35 | TheMangledBadger · wall_segment Palisade Wall x9 |
| 14:50 | 3000elo player · wall_segment Palisade Wall x7 |
| 14:58 | 3000elo player · wall_segment Palisade Wall x4 |
| 17:43 | TheMangledBadger · wall_segment Palisade Wall x3 |
| 17:51 | TheMangledBadger · wall_segment Palisade Wall x1 |
| 17:54 | TheMangledBadger · wall_segment Palisade Wall x9 |
| 22:10 | 3000elo player · wall_segment Palisade Wall x1 |
| 23:03 | TheMangledBadger · age_up castle |
| 23:40 | 3000elo player · wall_segment Palisade Wall x10 |
| 24:17 | TheMangledBadger · first_building Siege Workshop |
| 25:02 | 3000elo player · age_up castle |
| 27:56 | 3000elo player · first_building Siege Workshop |
| 32:31 | TheMangledBadger · first_building Monastery |
| 33:59 | TheMangledBadger · first_market_sell 100 food |
| 34:35 | 3000elo player · first_building Stable |
| 35:24 | TheMangledBadger · first_building Castle |
| 37:56 | TheMangledBadger · age_up imperial |
| 41:20 | 3000elo player · resign |
[ AI ANALYSIS · 1 CREDIT ]
What really happened in this match?
Wolo.gg analyzes every decision: build order, eco, micro, common mistakes by bracket. Personalized analysis on WhatsApp or Discord in 30 seconds.
Civ guide
Vikings
Perfil
Jugador #775492